 Dungeon Crawl Stone Soup version 0.29.1-13-g9f3cf754e1 (webtiles) character file.

Game seed: 11261909702833141625

48 Thatpatchoflichen the Sneak (level 4, -1/27 HPs)
             Began as a Kobold Brigand on Feb 1, 2023.
             Slain by a kobold brigand
             ... wielding a +0 dagger of speed
              (4 damage)
             ... on level 3 of the Dungeon.
             The game lasted 00:03:15 (1916 turns).

Thatpatchoflichen the Sneak (Kobold Brigand)        Turns: 1916, Time: 00:03:16

Health: -1/27      AC:  3    Str:  8    XL:     4   Next: 0%
Magic:  4/4        EV: 15    Int: 12    God:
Gold:   107        SH:  0    Dex: 18    Spells: 3/3 levels left

rFire   . . .      SeeInvis .   a - +2 dagger
rCold   . . .      Faith    .   (no shield)
rNeg    . . .      Spirit   .   b - +0 robe
rPois   .          Reflect  .   (no helmet)
rElec   .          Harm     .   c - +0 cloak
rCorr   .          Rampage  .   (no gloves)
Will    .....                   (no boots)
Stlth   ++++......              (no amulet)
HPRegen 0.09/turn               (no ring)
MPRegen 0.09/turn               (no ring)

@: no status effects
A: small, no large weapons, nightstalker 3
a: no special abilities


You were on level 3 of the Dungeon.
You visited 1 branch of the dungeon, and saw 3 of its levels.

You collected 107 gold pieces.

Inventory:

Hand Weapons
 a - a +2 dagger (weapon)
Missiles
 d - 9 poisoned darts (quivered)
 e - 3 curare-tipped darts
 k - a throwing net
Armour
 b - a +0 robe (worn)
 c - a +0 cloak (worn)
Jewellery
 l - a ring of flight
 m - a ring of ice
Scrolls
 h - a scroll of noise {unknown}
 j - 2 scrolls of enchant weapon {unknown}
 n - a scroll of amnesia {unknown}
Potions
 f - a potion of degeneration {unknown}
 g - 2 potions of curing {unknown}
 i - 2 potions of brilliance {unknown}


   Skills:
 + Level 2.8 Fighting
 + Level 3.5 Short Blades
 - Level 2.1 Throwing
 + Level 2.3 Dodging
 + Level 5.8 Stealth


You had 3 spell levels left.
You didn't know any spells.
Your spell library contained the following spells:

 Spells                   Type           Power      Damage    Failure   Level
 Frozen Ramparts          Ice            0%         1d1       69%         3
 Ice Form                 Ice/Tmut       0%         N/A       97%         4
 Summon Ice Beast         Ice/Summ       0%         N/A       97%         4


Dungeon Overview and Level Annotations

Branches:
Dungeon (2/15)

Altars:


Innate Abilities, Weirdness & Mutations

You are small and have problems with some larger weapons.
You are completely attuned to the shadows.


Message History

You hit the kobold but do no damage. You hit the kobold but do no damage.
The kobold closely misses you.
You hit the kobold.
The kobold is severely wounded.
The kobold closely misses you.
You hit the kobold.
You kill the kobold!
You start resting.
A kobold brigand comes into view.
It is wielding a +1 dagger of speed and quivering curare-tipped darts.
You start resting.
A kobold brigand is nearby!
The kobold brigand misses you.
The kobold brigand attacks as you move away!
The kobold brigand barely misses you.
The kobold brigand attacks as you move away!
The kobold brigand closely misses you.
The kobold brigand throws a curare-tipped dart.
The curare-tipped dart closely misses you.
The kobold brigand throws a curare-tipped dart.
The curare-tipped dart closely misses you.
The kobold brigand throws a curare-tipped dart.
The curare-tipped dart closely misses you.
Items here: ))))) ÷÷ †.
A kobold comes into view. It is wielding a +0 dagger.
Things that are here:
a +0 club; a +0 club; a hobgoblin skeleton The kobold shouts!
You hit the kobold.
You kill the kobold!
You have reached level 4!
A kobold brigand comes into view.
It is wielding a +0 dagger of speed and quivering poisoned darts.
You see here a +0 dagger.
The kobold brigand barely misses you. The kobold brigand closely misses you.
The kobold brigand attacks as you move away!
The kobold brigand hits you with a +0 dagger of speed!
The kobold brigand hits you with a +1 dagger of speed. x2
* * * LOW HITPOINT WARNING * * *
The kobold brigand attacks as you move away!
The kobold brigand hits you with a +0 dagger of speed.
You die...

...) ...## ####...
####...w# #####
.......K##### ~~~~###
....###K@...# ~~....#
#####..)...!# ~....##
#[.......#
...#########........#
.........)).........#
..##########........
..# #........ ..#
#....... ..# #......


You could see 2 kobold brigands and a dart slug.

Vanquished Creatures
  A worm (D:2)
  2 dart slugs (D:1)
  3 ball pythons
  4 endoplasms
  A goblin (D:1)
  5 hobgoblins
  5 jackals (D:1)
  6 kobolds
  4 bats
  3 frilled lizards
  2 rats
36 creatures vanquished.

Notes
Turn   | Place    | Note
-------+----------+-------------------------------------------
     0 | D:1      | Thatpatchoflichen the Kobold Brigand began the quest for
                  | the Orb.
     0 | D:1      | Reached XP level 1. HP: 12/12 MP: 1/1
   107 | D:2      | Reached XP level 2. HP: 18/18 MP: 2/2
   694 | D:1      | Reached XP level 3. HP: 22/22 MP: 3/3
   805 | D:1      | Found a faded altar of an unknown god.
  1493 | D:2      | You fall into a shaft and drop 1 floor!
  1857 | D:3      | Noticed a kobold brigand
  1912 | D:3      | Reached XP level 4. HP: 20/27 MP: 4/4
  1912 | D:3      | Noticed a kobold brigand
  1916 | D:3      | Slain by a kobold brigand

Illustrated notes

Levels and vault maps discovered:
D:1:      matt_arrival_diagonals, layout_basic,
          shapermc_ecumenical_altar_flowoftime, minmay_misc_feat_rugged
D:2:      layout_rooms
D:3:      cheibrodos_thug_alley, layout_rooms, minitemple, uniq_robin

Skill      XL: |  1  2  3 |
---------------+----------+-----
Short Blades   | 3 |  3.5
Dodging        | 2 |  2.3
Fighting       | |  2.8
Throwing       | |  2.1
Stealth        | |  5.8

Action                   |  1- 3 |  4- 6 || total
-------------------------+-------+-------++-------
Melee: Dagger            |    84 |       ||    84
 Stab: Sleeping          |    12 |       ||    12
Armor: Robe              |     9 |       ||     9
Dodge: Dodged            |    43 |     2 ||    45
